Map: Orbital Shipyard

Players

LilDicky

  • Race: Terran Terran
  • League: Diamond

Wodan - Winner!

  • Race: Protoss Protoss
  • League: Platinum

VOD

http://www.twitch.tv/tumescentpie

Description

Time

  • Played on: Dec. 2, 2015, 10:34 p.m.
  • Length: 7:08
Show
View Real Time Build Order
Export as new Build Order

LilDicky Terran 

Build Orders: MMM Bio 

Get SALT Encoding   

  12  0:02  SCV  
  13  0:14  SCV  
  13  0:19  Supply Depot  
  14  0:26  SCV  
  14  0:28  Refinery  
  15  0:41  SCV  
  16  0:46  Barracks  
  16  0:53  SCV  
  17  1:09  SCV  
  18  1:17  Supply Depot  
  18  1:36  Orbital Command  
  18  1:38  Factory  
  17  1:40  Marine  
  18  1:58  Marine  
  19  2:04  Refinery  
  19  2:10  SCV  
  20  2:22  SCV  
  21  2:24  Barracks  
  21  2:25  Barracks Reactor  
  21  2:28  Barracks  
  21  2:35  SCV  
  22  2:45  Supply Depot  
  22  2:47  SCV, Widow Mine  
  25  2:59  SCV  
  28  3:26  Marine x2  
  25  3:27  Barracks Tech Lab x2  
  25  3:28  SCV  
  25  3:32  Starport  
  26  3:47  Widow Mine  
  28  3:49  Combat Shields, Stimpack  
  28  3:50  Marine x2  
  28  3:51  Marauder  
  28  3:55  SCV  
  33  3:59  Marauder  
  35  4:07  SCV  
  35  4:08  Medivac  
  38  4:15  Supply Depot  
  38  4:19  SCV  
  37  4:32  Marine x2  
  37  4:33  Marauder x2  
  43  4:50  SCV, Marine  
  45  4:54  Marauder x2  
  49  5:04  Marine  
  50  5:17  Marine x2  
  50  5:18  Marauder  
  50  5:20  Concussive Shells  
  54  5:43  Marine  
  34  6:07  Marine  
  34  6:08  Marauder, Marine  
  34  6:09  Marauder  
  24  6:30  Marauder  
  21  6:46  Marine x2  
  23  6:47  Marauder  
  23  6:53  SCV  
Show
View Real Time Build Order
Export as new Build Order

Wodan Protoss - Winner!

Build Orders: 1 Gate Expand 

Get SALT Encoding   

  12  0:00  Probe (Chrono Boost)  
  13  0:11  Probe (Chrono Boost)  
  14  0:19  Pylon  
  14  0:22  Probe (Chrono Boost)  
  15  0:37  Probe (Chrono Boost)  
  15  0:39  Gateway  
  16  0:46  Assimilator  
  16  0:47  Probe (Chrono Boost)  
  17  0:58  Probe (Chrono Boost)  
  19  1:11  Probe (Chrono Boost)  
  19  1:23  Nexus  
  19  1:28  Probe (Chrono Boost)  
  20  1:38  Cybernetics Core  
  20  1:43  Probe (Chrono Boost)  
  21  1:53  Gateway  
  21  2:01  Probe (Chrono Boost)  
  22  2:09  Pylon  
  22  2:20  Warp Gate (Chrono Boost)  
  22  2:23  Probe  
  22  2:27  Adept  
  22  2:29  Assimilator  
  25  2:34  Assimilator  
  25  2:38  Mothership Core (Chrono Boost)  
  25  2:40  Probe, Adept  
  30  2:54  Adept  
  32  3:12  Robotics Facility  
  32  3:14  Probe (Chrono Boost)  
  32  3:15  Adept  
  32  3:17  Probe (Chrono Boost)  
  36  3:24  Probe (Chrono Boost)  
  37  3:27  Probe (Chrono Boost)  
  37  3:30  Forge  
  38  3:34  Pylon  
  38  3:35  Probe (Chrono Boost)  
  38  3:38  Probe (Chrono Boost)  
  40  3:48  Stalker (Chrono Boost)  
  42  3:50  Stalker (Chrono Boost)  
  42  3:53  Probe  
  45  3:55  Probe  
  45  4:02  Observer  
  47  4:05  Probe  
  47  4:07  Protoss Ground Weapons Level 1 (Chrono Boost)  
  47  4:08  Probe  
  49  4:17  Probe  
  49  4:24  Warp Prism  
  50  4:25  Probe  
  50  4:29  Probe  
  54  4:49  Gateway  
  54  4:53  Gateway  
  54  4:59  Pylon  
  54  5:17  Probe x2  
  54  5:18  Stalker x2  
  60  5:25  Pylon  
  60  5:26  Pylon  
  60  5:29  Probe  
  57  5:51  Adept x2  
  59  6:03  Probe  
  59  6:04  Probe  
  57  6:13  Zealot x2  
  57  6:16  Probe  
  62  6:20  Probe  
  54  6:28  Probe  
  54  6:31  Adept x2  
  50  6:52  Adept  
  50  6:53  Adept x2  
  53  6:58  Pylon  
  53  6:59  Pylon  
Tags
 
Add a new tag
Caveats
  • Supply blocks, unpowered buildings, or Contaminate may cause inaccurate times.
  • Supply counts are checked every 10 seconds.